 Dungeon Crawl Stone Soup version 0.29-a0-648-g6b26cc9f40 (webtiles) character file.

Game seed: 421556787289040440

74 DocClef the Skirmisher (level 4, -2/44 HPs)
             Began as a Minotaur Fighter on June 20, 2022.
             Slain by a quokka (4 damage)
             ... on level 3 of the Dungeon.
             The game lasted 00:01:28 (1752 turns).

DocClef the Skirmisher (Minotaur Fighter)           Turns: 1752, Time: 00:01:29

Health: -2/44      AC:  7    Str: 23    XL:     4   Next: 9%
Magic:  3/3        EV:  9    Int:  5    God:
Gold:   73         SH:  4    Dex:  9    Spells: 3/3 levels left

rFire   . . .      SeeInvis .   a - +0 war axe
rCold   . . .      Faith    .   c - +0 buckler
rNeg    . . .      Spirit   .   b - +1 scale mail
rPois   .          Reflect  .   (helmet restricted)
rElec   .          Harm     .   n - scarf {shadows}
rCorr   .          Rampage  .   (no gloves)
Will    .....                   (no boots)
Stlth   ..........              (no amulet)
HPRegen 0.14/turn               (no ring)
MPRegen 0.08/turn               (no ring)

@: no status effects
A: horns 2, retaliatory headbutt
a: no special abilities


You were on level 3 of the Dungeon.
You visited 1 branch of the dungeon, and saw 3 of its levels.

You collected 73 gold pieces.

Inventory:

Hand Weapons
 a - a +0 war axe (weapon)
Armour
 b - a +1 scale mail (worn)
 c - a +0 buckler (worn)
 n - a scarf of shadows (worn)
Wands
 k - a wand of flame (27)
Scrolls
 f - 2 scrolls of amnesia
 m - 2 scrolls of identify
Potions
 d - a potion of might
 j - a potion of haste
 l - a potion of flight {unknown}
 q - 2 potions of mutation {unknown}
 r - 2 potions of degeneration {unknown}


   Skills:
 + Level 6.0 Fighting
 - Level 2.4 Axes
 - Level 3.6 Armour
 - Level 3.6 Shields


You had 3 spell levels left.
You didn't know any spells.
Your spell library contained the following spells:

 Spells                   Type           Power      Damage    Failure   Level
 Necrotize                Necr           0%         1d4       86%         1
 Vampiric Draining        Necr           0%         2d6       99%         3
 Agony                    Necr           0%         N/A       100%        5


Dungeon Overview and Level Annotations

Branches:
Dungeon (3/15)

Altars:
Uskayaw


Innate Abilities, Weirdness & Mutations

You have a pair of horns on your head.
You reflexively headbutt those who attack you in melee.


Message History

The quokka splashes around in the water.
The quokka closely misses you.
You see here a giant cockroach corpse.
Your unstable footing causes you to fumble your attack.
You hear the slow rusting of a drain.
The quokka splashes around in the water.
The quokka bites you.
* * * LOW HITPOINT WARNING * * *
You hit the quokka.
The quokka is severely wounded.
The quokka barely misses you. You furiously retaliate!
You headbutt the quokka!
You kill the quokka!
You see here a quokka corpse.
A quokka comes into view.
The quokka moves out of view.
A quokka comes into view.
The quokka bites you but does no damage. x2
You completely miss the quokka. Your headbutt misses the quokka.
You miss the quokka. The quokka closely misses you.
The quokka bites you but does no damage.
The quokka bites you.
* * * LOW HITPOINT WARNING * * *
The quokka bites you.
* * * LOW HITPOINT WARNING * * *
You miss the quokka. You hit the quokka but do no damage.
The quokka bites you but does no damage.
The quokka bites you.
* * * LOW HITPOINT WARNING * * *
Unknown command.
You hit the quokka. Your headbutt misses the quokka.
The quokka is heavily wounded.
You closely miss the quokka. The quokka closely misses you.
The quokka bites you but does no damage.
The quokka bites you.
* * * LOW HITPOINT WARNING * * *
You block the quokka's attack.
You barely miss the quokka. You slash the quokka!
You kill the quokka!
The quokka closely misses you. The quokka bites you.
You die...

**,,,,*********≈,*,*
*,,,,**≈≈≈,,≈≈≈,,*,*
*,,,,*≈,≈≈≈≈≈≈≈,**,******
*,,*,*,,**####***,,,,,,,*
*..***,,≈≈≈≈≈≈##*,**,**,*
*..##**,,,∩,≈≈≈##,**,**,*
*,...,**≈≈≈≈≈≈..#,*,,**,*
**#..#########.r#,*,***,*
##.##≈.≈≈≈≈≈≈@≈#,*,***,*
#...≈.≈)††≈≈≈≈##,,,,,,,*
#....≈≈########,,*,*****
##..####.# #.# **,*,*
#........# #$####.#.*
#..####.## #........*
#..####.####..#.#,,**
#........?>.....#,,*
#.#####.####.......*


You could see a quokka.

Vanquished Creatures
  Jessica (D:2)
  An adder (D:2)
  A worm (D:2)
  A dart slug (D:2)
  2 orcs
  5 endoplasms
  4 giant cockroaches
  3 goblins
  3 hobgoblins
  A kobold (D:2)
  3 quokkas
  2 ball pythons
  A bat (D:2)
  A frilled lizard (D:1)
  A rat (D:2)
30 creatures vanquished.

Vanquished Creatures (others)
  A plant (D:3)
1 creature vanquished.

Grand Total: 31 creatures vanquished

Notes
Turn   | Place    | Note
-------+----------+-------------------------------------------
     0 | D:1      | DocClef the Minotaur Fighter began the quest for the Orb.
     0 | D:1      | Reached XP level 1. HP: 19/19 MP: 0/0
   287 | D:1      | Reached skill level 4 in Fighting
   655 | D:1      | Found a faded altar of an unknown god.
   723 | D:1      | Reached XP level 2. HP: 26/28 MP: 1/1
   845 | D:2      | Noticed Jessica
   857 | D:2      | Killed Jessica
   858 | D:2      | Reached skill level 5 in Fighting
   858 | D:2      | Reached XP level 3. HP: 22/36 MP: 2/2
   977 | D:2      | Found a hide-covered altar of Uskayaw.
  1556 | D:2      | Reached XP level 4. HP: 36/44 MP: 3/3
  1728 | D:3      | Reached skill level 6 in Fighting
  1750 | D:3      | HP: 2/44 [quokka (3)]
  1752 | D:3      | Slain by a quokka

Illustrated notes

Levels and vault maps discovered:
D:1:      amcnicky_arrival_gap_in_the_tavern_cellar, layout_loops_cross,
          dilly_ecumenical_altar_fadedgnrine, amcnicky_mini_corridor_feature
D:2:      layout_basic, basic_altar, uniq_jessica
D:3:      layout_loops_cross, gup_sewer_entry_pipe, guppyfry_early_lair_pool

Skill      XL: |  1  2  3  4 |
---------------+-------------+-----
Fighting       | 4 5 6 |  6.0
Axes           | |  2.4
Armour         | |  3.6
Shields        | |  3.6

Action                   |  1- 3 |  4- 6 || total
-------------------------+-------+-------++-------
Melee: War axe           |    49 |    13 ||    62
       Headbutt          |     7 |       ||     7
  Use: Scroll            |       |     8 ||     8
Armor: Scale mail        |    16 |    16 ||    32
Dodge: Dodged            |    16 |    10 ||    26
Block: Buckler           |     7 |     4 ||    11

Table legend: (Time is in decaauts)
 A = Elapsed time spent in this place.
 B = Non-inter-level travel time spent in this place.
 C = Inter-level travel time spent in this place.
 D = Time resting spent in this place.
 E = Time spent auto-exploring this place.
 F = Levels seen in this place.
 G = Mean time per level.
                   A        B        C        D        E       F      G
               +--------+--------+--------+--------+--------+-----+--------+
         Total |   1785 |   1758 |     27 |      0 |   1516 |   3 |  595.0 |
       Dungeon |   1785 |   1758 |     27 |      0 |   1516 |   3 |  595.0 |
               +--------+--------+--------+--------+--------+-----+--------+

Top non-repeatable levels by time:
     D:2: 884 daAuts
     D:1: 834 daAuts
     D:3: 66 daAuts
